AoeStats
← [CL] Al3jandr0.magn00

Arabia

506192980Analyzed
1v1 RM · 19d ago on Sep 12, 2026· 73m 25s· 2 players
Game mode
Random Map
Map size
Tiny (2 player)
Population
200
Speed
Normal
Resources
Standard
Victory
Conquest
Starting age
Dark Age
Ending age
Imperial Age
RankedLock teamsTeams togetherTeam positionsShared explorationLock speedFull tech treeHidden civsTurbo modeCheats
Victory
Defeat
🇰🇿 Chinese · Kazakhstan
1847
+16
🇦🇷 Bengalis · Argentina
1842
-16
[CL] Al3jandr0.magn00
6:25 Loom
8:49 Feudal Age
9:25 Town Watch
9:30 Double-Bit Axe
20:23 Castle Age
19:49 Forging
19:33 Horse Collar
19:44 Gold Mining
20:16 Bloodlines
24:34 Husbandry
25:24 Fletching
27:12 Bow Saw
28:41 Scale Barding Armor
33:15 Bodkin Arrow
38:58 Imperial Age
37:24 Wheelbarrow
39:22 Padded Archer Armor
39:33 Heavy Plow
40:06 Bracer
41:55 Ballistics
41:13 Elite Skirmisher
42:38 Leather Archer Armor
43:51 Ring Archer Armor
45:18 Chemistry
44:45 Hand Cart
47:14 Elite Elephant Archer
49:23 Paiks
50:53 Siege Elephant
57:48 Paiks
59:39 Conscription
67:36 Chain Barding Armor
66:38 Light Cavalry
69:00 Plate Barding Armor
Yess Alang
0:31 Loom
8:24 Feudal Age
9:05 Double-Bit Axe
10:19 Horse Collar
19:21 Castle Age
18:20 Scale Mail Armor
18:44 Forging
19:01 Gold Mining
20:29 Bow Saw
21:40 Squires
22:13 Chain Mail Armor
23:46 Wheelbarrow
27:58 Hand Cart
29:14 Pikeman
38:14 Imperial Age
37:03 Fletching
37:58 Bodkin Arrow
38:28 Heavy Plow
39:37 Ballistics
40:27 Bracer
41:49 Chemistry
41:33 Conscription
41:34 Murder Holes
42:16 Conscription
43:00 Padded Archer Armor
43:30 Elite Skirmisher
44:49 Leather Archer Armor
45:44 Scale Barding Armor
46:10 Ring Archer Armor
45:09 Elite Fire Lancer
46:55 Plate Mail Armor
46:46 Chain Barding Armor
47:35 Iron Casting
49:47 Halberdier
50:20 Light Cavalry
51:11 Bloodlines
51:01 Husbandry
51:37 Plate Barding Armor
51:59 Thumb Ring
52:56 Blast Furnace
56:29 Arson
63:12 Cavalier
65:32 Capped Ram
Connection lost

Rejoining the realm…

Still unreachable

The connection could not be restored.

Session expired

The server has moved on; the page needs a fresh start.